userland, chaotic female elven Wizard ---------- |..^.....| ---------- |........| -----######.....{....###### ----------- |....._..| |...|# |........| # ----- |.........| |........| |...|# |.........#######-...| |....>.....# |....<...| |....# |........| #|....# #........#.|# --------.- |...|# |........| ###+...|# #|.........|# #### |...| ------+--- #|...|# #|.........|# # |...| # #--.--# #-----------# ### --.-- ### ########### # # ## # # # # # ### # ################################ ## # # # # -|--- # # # ## -.-------- # #|...| ####--------- |.........#### ----.- ....| I#|."/)[((| |........| # |....| #|...| ##-.![/[(.| |........| ##-....+ ----- |.[*)+/)| |........| |....| --------- ---------- ------ userland the Conjurer Experience level: 3 Strength: 13 Dexterity: 13 Constitution: 15 Intelligence: 15 Wisdom: 8 Charisma: 12 Health: 0(31) Energy: 27(27) Def: 2 Gold: 99 Moves: 1631 Dungeon seed: UoMxX7ELP5d9-Q1L Game ID: userland_1541293075 Your Inventory: Coins $ - 99 gold pieces Weapons a - a blessed +1 quarterstaff o - a +1 orcish dagger t - a blessed +2 orcish dagger (weapon in hand) v - a +0 elven dagger Armor e - an uncursed +0 cloak of magic resistance (being worn) z - an uncursed +0 orcish helm (being worn) Comestibles A - an uncursed tin of newt meat Scrolls h - an uncursed scroll of enchant armor i - an uncursed scroll of food detection j - an uncursed scroll of identify Spellbooks k - a blessed spellbook of force bolt l - an uncursed spellbook of stone to flesh Potions f - 2 uncursed potions of paralysis g - an uncursed potion of restore ability u - a blessed potion of speed Rings c - an uncursed +1 ring of gain strength (on left hand) d - an uncursed ring of invisibility Wands b - a wand of light (0:15) Tools m - an uncursed bugle Boulders/Statues q - an uncursed statue of a lichen r - an uncursed statue of a lichen Spells and supernatural/magical abilities: Name Level Category Fail Memory a - force bolt 1 attack 3% 92% S - stone to flesh 3 healing 100% 92% W - pray for help -- divine ? -- Your skills at the end: Fighting Skills Weapon Skills quarterstaff [Basic] Spellcasting Skills attack spells [Basic] enchantment spells [Basic] Final Attributes: You were piously aligned. You were magic-protected. You had infravision. You are dead. Vanquished creatures: a shrieker a hobbit a giant rat 3 geckos 10 jackals 3 foxes a kobold 4 goblins 2 grid bugs 5 newts 31 creatures vanquished. Voluntary challenges: You used a wielded weapon 25 times, starting on turn 201. You were illiterate. You never genocided any monsters. You never polymorphed an object. You never changed form. You used no wishes. You never split a pudding. You never wrote Elbereth's name. You never violated your personal moral code. Dungeon overview: The Dungeons of Doom: levels 1 to 2 Level 1 a fountain a long staircase Level 2 <- You were here a general store, an altar to Anhur, a fountain, a sink History has recorded: On T:1 you entered the Dungeons of Doom to retrieve the Amulet of Yendor! On T:468 you advanced to experience level 2. On T:662 you reached level 2 of The Dungeons of Doom. On T:912 you advanced to experience level 3. Score breakdown: Gold: 99 ( 6803 points) Experience: 3 levels ( 7878 points) Exploration: 2 levels ( 4.26%) ( 4423 points) Discoveries: 1 item ( 0.36%) ( 1799 points) Valuables value: (no points given unless you survive) Artifact value: 0 ( 0 points) Variety of kills: 10 monsters ( 2.62%) ( 4860 points) Turncount: 1631 turns ( 0 points) Survival: died (score multiplied by 80%) Total score: 20610 Latest messages: You faint from lack of food. You come to. You are now wielding your crude dagger. You stop opening the tin. You faint from lack of food. You come to. You stop opening the tin. You faint from lack of food. You come to. You stop opening the tin. The giant rat bites! You faint from lack of food. It bites! (17x) You come to. You are too hungry to cast that spell. You faint from lack of food. It bites! (2x) You die... The statue of a lichen is empty. (2x) The statue of a lichen is empty. (2x) Final status: Goodbye userland the Wizard, killed by a giant rat, while fainted from lack of food... You died in The Dungeons of Doom on dungeon level 2 with 20610 points, and 99 pieces of gold, after 1631 moves. You were level 3 with a maximum of 31 hit points when you died.